3AA
BILLINGS POLAR BEARS @ LANCASTER FARMERS
05/19/2031
 
TOP OF THE 1ST
Billings Polar Bears batting - Pitching for Lancaster Farmers : RHP Derek Patton
Pitching: RHP Derek Patton
Batting: RHB António Canales 0-0: Foul Ball, location: 2F
0-1: Foul Ball, location: 2F
0-2: Ground out 4-3 (Groundball, 4)
Batting: SHB Ludovic Michel 0-0: Called Strike
0-1: Foul Ball, location: 2F
0-2: Ball
1-2: Strikes out looking
Batting: SHB Jorge Alou 0-0: Called Strike
0-1: Ball
1-1: Ball
2-1: Called Strike
2-2: Foul Ball, location: 2F
2-2: Ball
3-2: Foul Ball, location: 2F
3-2: Base on Balls
Batting: RHB Calvin Shreve 0-0: Called Strike
0-1: Ball
Jorge Alou steals 2nd base
1-1: Called Strike
1-2: Ball
2-2: Ball
3-2: Fly out, F8 (Flyball, 8LD)
Top of the 1st over - 0 runs, 0 hits, 0 errors, 1 left on base; Billings 0 - Lancaster 0
BOTTOM OF THE 1ST
Lancaster Farmers batting - Pitching for Billings Polar Bears : RHP Tyler Carter
Pitching: RHP Tyler Carter
Batting: RHB Ramón Soto 0-0: SINGLE (Groundball, 4MD)
Batting: RHB Marcel Roks 0-0: Fly out, F9 (Flyball, 89S)
Batting: RHB Bogumil Tiwontschik 0-0: Foul Ball, location: 2F
0-1: Ball
Ramón Soto steals 2nd base
1-1: Ball
2-1: Fly out, F9 (Flyball, 9)
Batting: LHB Manuel Núñez 0-0: Swinging Strike
0-1: Swinging Strike
0-2: Strikes out looking
Bottom of the 1st over - 0 runs, 1 hit, 0 errors, 1 left on base; Billings 0 - Lancaster 0
TOP OF THE 2ND
Billings Polar Bears batting - Pitching for Lancaster Farmers : RHP Derek Patton
Batting: RHB José Cruz 0-0: Ground out 6-3 (Groundball, 6)
Batting: RHB Juan Rico 0-0: Called Strike
0-1: Ball
1-1: Foul Ball, location: 2F
1-2: Ball
2-2: Ball
3-2: Foul Ball, location: 2F
3-2: Base on Balls
Batting: LHB Ramón Rivera 0-0: Ball
1-0: Ball
2-0: Ball
3-0: Called Strike
3-1: Base on Balls
Juan Rico to second
Batting: RHB Karsten Naarden 0-0: Ball
1-0: Ball
2-0: Called Strike
2-1: Foul Ball, location: 2F
2-2: Strikes out looking
Batting: RHB Nathan Landrum 0-0: Ball
1-0: Foul Ball, location: 2F
1-1: Foul Ball, location: 2F
1-2: Fielders Choice at 2nd, 6-4 (Groundball, 6)
Top of the 2nd over - 0 runs, 0 hits, 0 errors, 2 left on base; Billings 0 - Lancaster 0
BOTTOM OF THE 2ND
Lancaster Farmers batting - Pitching for Billings Polar Bears : RHP Tyler Carter
Batting: RHB Hou Kong 0-0: Called Strike
0-1: Foul Ball, location: 2F
0-2: Foul Ball, location: 2F
0-2: Ground out 5-3 (Groundball, 56)
Batting: RHB Bertrand Pick 0-0: Swinging Strike
0-1: Swinging Strike
0-2: Foul Ball, location: 2F
0-2: Ball
1-2: SINGLE (Groundball, 34D)
Batting: RHB Jesús Herrera 0-0: Ball
1-0: Swinging Strike
1-1: Foul Ball, location: 2F
1-2: Ball
2-2: Fly out, F8 (Flyball, 78D)
Now in RF: Mike Greene
Batting: RHB José Xirau 0-0: Foul Ball, location: 2F
0-1: Ball
1-1: Ground out 1-3 (Groundball, 15)
Bottom of the 2nd over - 0 runs, 1 hit, 0 errors, 1 left on base; Billings 0 - Lancaster 0
TOP OF THE 3RD
Billings Polar Bears batting - Pitching for Lancaster Farmers : RHP Derek Patton
Batting: RHB António Canales 0-0: Ground out 6-3 (Groundball, 6)
Batting: SHB Ludovic Michel 0-0: Fly out, F5 (Popup, 56S)
Batting: SHB Jorge Alou 0-0: Swinging Strike
0-1: Ball
1-1: Foul Ball, location: 2F
1-2: Strikes out swinging
Top of the 3rd over - 0 runs, 0 hits, 0 errors, 0 left on base; Billings 0 - Lancaster 0
BOTTOM OF THE 3RD
Lancaster Farmers batting - Pitching for Billings Polar Bears : RHP Tyler Carter
Batting: RHB Min-tae Yi 0-0: Ball
1-0: Ball
2-0: Called Strike
2-1: Ball
3-1: Called Strike
3-2: Foul Ball, location: 2F
3-2: Foul Ball, location: 2F
3-2: Ground out 5-3 (Groundball, 56S)
Batting: RHB Ramón Soto 0-0: Ground out 1-3 (Groundball, 13S)
Batting: RHB Marcel Roks 0-0: Foul Ball, location: 2F
0-1: SINGLE (Flyball, 4MD)
Batting: RHB Bogumil Tiwontschik 0-0: Called Strike
0-1: Ball
1-1: Fly out, F7 (Line Drive, 7LM)
Bottom of the 3rd over - 0 runs, 1 hit, 0 errors, 1 left on base; Billings 0 - Lancaster 0
TOP OF THE 4TH
Billings Polar Bears batting - Pitching for Lancaster Farmers : RHP Derek Patton
Batting: RHB Mike Greene 0-0: Ball
1-0: Called Strike
1-1: Ball
2-1: Ball
3-1: Swinging Strike
3-2: Base on Balls
Batting: RHB José Cruz 0-0: Grounds into double play, 4-6-3 (Groundball, 4)
Batting: RHB Juan Rico 0-0: Foul Ball, location: 2F
0-1: Foul Ball, location: 2F
0-2: Ball
1-2: Ball
2-2: Fly out, F8 (Line Drive, 8LD)
Top of the 4th over - 0 runs, 0 hits, 0 errors, 0 left on base; Billings 0 - Lancaster 0
BOTTOM OF THE 4TH
Lancaster Farmers batting - Pitching for Billings Polar Bears : RHP Tyler Carter
Pitching: RHP José Meza
Batting: LHB Manuel Núñez 0-0: Foul Ball, location: 2F
0-1: SINGLE (Groundball, 34) (infield hit)
Batting: RHB Hou Kong 0-0: Fly out, F7 (Flyball, 7)
Batting: RHB Bertrand Pick 0-0: Ball
1-0: Grounds into double play, 4-6-3 (Groundball, 4)
Bottom of the 4th over - 0 runs, 1 hit, 0 errors, 0 left on base; Billings 0 - Lancaster 0
TOP OF THE 5TH
Billings Polar Bears batting - Pitching for Lancaster Farmers : RHP Derek Patton
Batting: LHB Ramón Rivera 0-0: Ball
1-0: Ball
2-0: Foul Ball, location: 2F
2-1: Ball
3-1: Foul Ball, location: 2F
3-2: Ground out 5-3 (Groundball, 56)
Batting: RHB Karsten Naarden 0-0: Swinging Strike
0-1: Ball
1-1: Fly out, F5 (Line Drive, 56)
Batting: RHB Nathan Landrum 0-0: Called Strike
0-1: Ball
1-1: Ground out 1-3 (Groundball, 15)
Top of the 5th over - 0 runs, 0 hits, 0 errors, 0 left on base; Billings 0 - Lancaster 0
BOTTOM OF THE 5TH
Lancaster Farmers batting - Pitching for Billings Polar Bears : RHP José Meza
Batting: RHB Jesús Herrera 0-0: Ball
1-0: Fly out, F7 (Flyball, 7)
Batting: RHB José Xirau 0-0: Foul Ball, location: 2F
0-1: Ball
1-1: Foul Ball, location: 2F
1-2: Foul Ball, location: 2F
1-2: Ground out 6-3 (Groundball, 6M)
Batting: RHB Min-tae Yi 0-0: Called Strike
0-1: DOUBLE (Groundball, 5L)
Batting: RHB Ramón Soto 0-0: Called Strike
0-1: Ball
1-1: Foul Ball, location: 2F
1-2: Ball
2-2: Strikes out swinging
Bottom of the 5th over - 0 runs, 1 hit, 0 errors, 1 left on base; Billings 0 - Lancaster 0
TOP OF THE 6TH
Billings Polar Bears batting - Pitching for Lancaster Farmers : RHP Derek Patton
Batting: RHB António Canales 0-0: Ball
1-0: Fly out, F8 (Flyball, 8LM)
Batting: SHB Ludovic Michel 0-0: Foul Ball, location: 2F
0-1: Called Strike
0-2: Ground out 1-3 (Groundball, 13S)
Batting: SHB Jorge Alou 0-0: Foul Ball, location: 2F
0-1: Fly out, F7 (Flyball, 7)
Top of the 6th over - 0 runs, 0 hits, 0 errors, 0 left on base; Billings 0 - Lancaster 0
BOTTOM OF THE 6TH
Lancaster Farmers batting - Pitching for Billings Polar Bears : RHP José Meza
Batting: RHB Marcel Roks 0-0: Ball
1-0: Ball
2-0: Ball
3-0: Called Strike
3-1: Foul Ball, location: 2F
3-2: Foul Ball, location: 2F
3-2: Strikes out looking
Batting: RHB Bogumil Tiwontschik 0-0: Called Strike
0-1: Foul Ball, location: 2F
0-2: Ground out 4-3 (Groundball, 4)
Batting: LHB Manuel Núñez 0-0: Fly out, F8 (Flyball, 8RS)
Bottom of the 6th over - 0 runs, 0 hits, 0 errors, 0 left on base; Billings 0 - Lancaster 0
TOP OF THE 7TH
Billings Polar Bears batting - Pitching for Lancaster Farmers : RHP Derek Patton
Batting: RHB Mike Greene 0-0: Called Strike
0-1: Swinging Strike
0-2: Foul Ball, location: 2F
0-2: Ball
1-2: Fly out, F6 (Line Drive, 6)
Batting: RHB José Cruz 0-0: Ball
1-0: Called Strike
1-1: Ball
2-1: Ball
3-1: Foul Ball, location: 2F
3-2: Strikes out swinging
Batting: RHB Juan Rico 0-0: Ball
1-0: Foul Ball, location: 2F
1-1: Ball
2-1: Foul Ball, location: 2F
2-2: Strikes out swinging
Top of the 7th over - 0 runs, 0 hits, 0 errors, 0 left on base; Billings 0 - Lancaster 0
BOTTOM OF THE 7TH
Lancaster Farmers batting - Pitching for Billings Polar Bears : RHP José Meza
Pitching: RHP Paco Rojas
Now in CF: Peter Geib
Batting: RHB Hou Kong 0-0: Ball
1-0: SINGLE (Groundball, 6MD)
Batting: RHB Bertrand Pick 0-0: Swinging Strike
0-1: Ball
1-1: Ball
2-1: DOUBLE (Line Drive, 8RXD)
Hou Kong to third
Batting: RHB Jesús Herrera 0-0: Fly out, F7 (Line Drive, 7S)
Runner from 3rd tags up, SCORES, no throw
Batting: RHB José Xirau 0-0: Ball
Wild Pitch!
Bertrand Pick to third
1-0: Ball
2-0: Ball
3-0: Called Strike
3-1: SINGLE (Line Drive, 89S)
Bertrand Pick scores
Batting: RHB Min-tae Yi Pickoff Throw to First - Error! E1
José Xirau to second
0-0: Ball
1-0: Called Strike
1-1: Ball
2-1: Ground out 4-3 (Groundball, 4)
José Xirau to third
Batting: RHB Ramón Soto 0-0: Swinging Strike
0-1: Swinging Strike
0-2: Foul Ball, location: 2F
0-2: Ball
1-2: Foul Ball, location: 2F
1-2: Ball
2-2: Foul Ball, location: 2F
2-2: Ball
3-2: Foul Ball, location: 2F
3-2: Base on Balls
Batting: RHB Marcel Roks 0-0: Called Strike
0-1: Called Strike
0-2: Strikes out swinging
Bottom of the 7th over - 2 runs, 3 hits, 1 error, 2 left on base; Billings 0 - Lancaster 2
TOP OF THE 8TH
Billings Polar Bears batting - Pitching for Lancaster Farmers : RHP Derek Patton
Batting: LHB Ramón Rivera 0-0: Ground out U3 (Groundball, 34)
Batting: RHB Karsten Naarden 0-0: Called Strike
0-1: Foul Ball, location: 2F
0-2: Foul Ball, location: 2F
0-2: Ball
1-2: Strikes out looking
Batting: RHB Nathan Landrum 0-0: Called Strike
0-1: Called Strike
0-2: Strikes out looking
Top of the 8th over - 0 runs, 0 hits, 0 errors, 0 left on base; Billings 0 - Lancaster 2
BOTTOM OF THE 8TH
Lancaster Farmers batting - Pitching for Billings Polar Bears : RHP Paco Rojas
Batting: RHB Bogumil Tiwontschik 0-0: Ball
1-0: Foul Ball, location: 2F
1-1: Ball
2-1: SINGLE (Flyball, 8LS)
Batting: LHB Manuel Núñez 0-0: Ball
1-0: Called Strike
1-1: 2-RUN HOME RUN (Flyball, 9D), Distance : 398 ft
Pitching: RHP Juan Sánchez
Batting: RHB Hou Kong 0-0: Called Strike
0-1: Ball
1-1: Foul Ball, location: 2F
1-2: Foul Ball, location: 2F
1-2: Ball
2-2: Foul Ball, location: 2F
2-2: Foul Ball, location: 2F
2-2: Foul Ball, location: 2F
2-2: Fly out, F9 (Flyball, 89D)
Batting: RHB Bertrand Pick 0-0: SINGLE (Line Drive, 3D)
Batting: RHB Jesús Herrera 0-0: Called Strike
0-1: Ball
1-1: Foul Ball, location: 2F
1-2: Fly out, F8 (Flyball, 8LD)
Batting: RHB José Xirau 0-0: SINGLE (Line Drive, 56)
Bertrand Pick to second
Batting: RHB Min-tae Yi 0-0: Ball
1-0: Called Strike
1-1: Ball
2-1: Fielders Choice at 2nd, 5-4 (Groundball, 5)
Bottom of the 8th over - 2 runs, 4 hits, 0 errors, 2 left on base; Billings 0 - Lancaster 4
TOP OF THE 9TH
Billings Polar Bears batting - Pitching for Lancaster Farmers : RHP Derek Patton
Batting: RHB António Canales 0-0: Ball
1-0: Called Strike
1-1: Foul Ball, location: 2F
1-2: Foul Ball, location: 2F
1-2: Ball
2-2: Strikes out looking
Batting: SHB Ludovic Michel 0-0: Swinging Strike
0-1: Called Strike
0-2: Strikes out swinging, 2-3 out at first.
Batting: RHB Peter Geib 0-0: Swinging Strike
0-1: Ball
1-1: Ground out 6-3 (Groundball, 6)
Top of the 9th over - 0 runs, 0 hits, 0 errors, 0 left on base; Billings 0 - Lancaster 4
Tuesday, June 12th, 2018 - OOTP Baseball 18.8 Build 76